 Dungeon Crawl Stone Soup version 0.31-a0-1101-g9ad1905e61 (webtiles) character file.

Game seed: 13477414710756771542

12747 Dirtsage the Mimic (level 11, -3/80 HPs)
             Began as an Octopode Shapeshifter on Dec 1, 2023.
             Was an Initiate of Gozag.
             Slain by an orc warrior
             ... wielding a +0 glaive
              (20 damage)
             ... on level 10 of the Dungeon.
             The game lasted 00:29:16 (10854 turns).

Dirtsage the Mimic (Octopode Shapeshifter)         Turns: 10854, Time: 00:29:16

Health: -3/80      AC:  1    Str: 11 (13) XL:     11   Next: 98%
Magic:  11/11      EV: 14    Int: 12 (13) God:    Gozag
Gold:   576        SH:  5    Dex: 15 (16) Spells: 10/10 levels left

rFire   . .          .
                       - Unarmed
rCold   . . .        (no shield)
rNeg    . . .        (helmet restricted)
rPois   .            x - amulet of reflection
rElec   .            o - +4 ring of slaying
rCorr   .            (no ring)
SInv    .            (no ring)
Will    .....        (no ring)
Stlth   ++           (no ring)
HPRegen 0.33/turn    (no ring)
MPRegen 0.12/turn    (no ring)
                     (no ring)

%: reflection
@: maw-form, gold aura
A: devouring maw, almost no armour, amphibious, 8 rings, camouflage 1,
gelatinous body 1, (nimble swimmer 1), tentacles
a: Begin Untransformation, Renounce Religion, Potion Petition, Call Merchant,
Bribe Branch


You were on level 10 of the Dungeon.
You worshipped Gozag.
Gozag was pleased with you.
You were a creature with a mouth for a stomach.
You visited 2 branches of the dungeon, and saw 11 of its levels.

You collected 886 gold pieces.
You spent 173 gold pieces at shops.
You paid 137 gold pieces to Gozag.

Inventory:

Missiles
 k - 3 throwing nets
Jewellery
 o - a +4 ring of slaying (left tentacle)
 x - an amulet of reflection (around mantle)
 y - a ring of fire
Talismans
 s - a maw talisman (active)
Wands
 f - a wand of flame (17)
 w - a wand of light (1)
Scrolls
 g - a scroll of fear
 i - a scroll of identify
 m - 2 scrolls of revelation
 p - a scroll of amnesia
 r - a scroll of poison
 t - 6 scrolls of teleportation
 u - 4 scrolls of noise
Potions
 c - a potion of attraction {unknown}
 d - 2 potions of invisibility
 e - 2 potions of brilliance
 h - a potion of might {unknown}
 l - 3 potions of heal wounds
 n - 2 potions of resistance
 q - 2 potions of curing
 v - a potion of berserk rage


   Skills:
 + Level 9.3 Fighting
 + Level 4.0 Dodging
 + Level 9.7 Unarmed Combat
 + Level 3.0 Conjurations
 + Level 2.9 Ice Magic
 + Level 2.9 Air Magic
 - Level 11.5 Shapeshifting


You had 10 spell levels left.
You didn't know any spells.
Your spell library contained the following spells:

 Spells                   Type           Power      Damage    Failure   Level
 Shock                    Conj/Air       28%        1d4       10%         1
 Poisonous Vapours        Pois/Air       6%         N/A       28%         2
 Swiftness                Air            7%         N/A       30%         3
 Mephitic Cloud           Conj/Pois/Air  4%         N/A       41%         3
 Stone Arrow              Conj/Erth      6%         3d7       47%         3
 Call Canine Familiar     Summ           0%         N/A       69%         3
 Sigil of Binding         Hex            0%         N/A       69%         3
 Airstrike                Air            3%         2d(1-17)  69%         4
 Freezing Cloud           Conj/Ice/Air   3%         6-21      95%         5
 Dimensional Bullseye     Hex/Tloc       0%         N/A       97%         4
 Leda's Liquefaction      Hex/Erth       0%         N/A       97%         4
 Lehudib's Crystal Spear  Conj/Erth      1%         10d2      100%        8
 Animate Armour           Summ/Erth      Unusable   N/A       N/A         4

Dungeon Overview and Level Annotations

Branches:
Dungeon (10/15)            Temple (1/1) D:4
   Lair: D:8-11         Orc: D:9-12

Altars:
Ashenzari
Cheibriados
Dithmenos
Elyvilon
Fedhas
Gozag
Hepliaklqana
Kikubaaqudgha
Nemelex Xobeh
Okawaru
Qazlal
Ru
Sif Muna
Trog
Uskayaw
Vehumet
Xom
Yredelemnul
Zin
The Shining One

Shops:
D:3 !   D:5 *


Innate Abilities, Weirdness & Mutations

You are a creature with a mouth for a stomach.
Your midsection houses a second, enormous mouth.
You cannot wear most types of armour.
You are amphibious.
You can wear up to eight rings at the same time.
Your skin changes colour to match your surroundings (Stealth+).
Your rubbery body absorbs attacks. (AC +1, EV +1)
((You are camouflaged when in or above water. (Stealth+)))
You have tentacles for arms and can constrict up to eight enemies at once.


Message History

You bludgeon the gnoll! You grab the gnoll. You squeeze the gnoll.
You kill the gnoll!
The gnoll sergeant barely misses you.
The orc is distracted by your dazzling golden aura.
Items here: $ )))))) [[[.
You tentacle-slap the gnoll sergeant but do no damage.
Your grab misses the gnoll sergeant.
The gnoll sergeant is distracted by your dazzling golden aura.
The gnoll sergeant shouts!
You tentacle-slap the gnoll sergeant but do no damage.
The gnoll sergeant is no longer distracted by gold.
You grab the gnoll sergeant.
You constrict the gnoll sergeant, but do no damage.
You hear a shout!
The gnoll sergeant hits you with a +0 spear!
You take 11 damage, and have 25/80 hp.
You bludgeon the gnoll sergeant! You squeeze the gnoll sergeant.
You bite the gnoll sergeant.
You kill the gnoll sergeant!
Your Dodging skill increases to level 4!
You tentacle-slap the orc.
The orc is no longer distracted by gold.
You grab the orc. You squeeze the orc.
You kill the orc!
A gnoll comes into view. It is wielding a +0 flail.
Things that are here:
4 gold pieces; a +0 spear; a +0 scale mail An orc warrior comes into view.
It is wielding a +0 glaive.
You closely miss the gnoll. You grab the gnoll. You bite the gnoll!
The gnoll is almost dead.
You constrict the gnoll, but do no damage.
The gnoll closely misses you.
You bludgeon the gnoll!
You kill the gnoll!
The orc warrior hits you from afar with a +0 glaive!
* * * LOW HITPOINT WARNING * * *
You take 12 damage, and have 16/80 hp.
The orc warrior hits you with a +0 glaive!!
You die...
Your body crumbles into a pile of gold.

### #....... #..
##.oo... .g ..#
#....... .. #..
..oo.. ..###.# #..<.#
# ......# #.... .#
.....g### #..# #.#
...##gg.#####.####..#
.....##...#./..$Wo..#
...<.####......$###.#
../..# ###^....# #
.....# #......#
.!.... #......#
....... #........#
.y.................
...................
.......### .......


You could see an orc warrior.

Vanquished Creatures
  A hydra (D:9)
  A centaur warrior (D:9)
  A boulder beetle (D:7)
  2 two-headed ogres (D:9)
  An ugly thing (D:7)
  A manticore (D:8)
  A gargoyle (D:6)
  2 komodo dragons (D:9)
  An unseen horror (D:7)
  3 hornets
  13 yaks
  A basilisk (D:7)
  2 vampire mosquitoes (D:7)
  3 steam dragons
  4 water moccasins (D:9)
  4 orc warriors
  5 black bears
  2 ice beasts
  A sky beast (D:6)
  4 centaurs
  An ogre (D:7)
  3 kobold brigands
  8 bullfrogs
  A gnoll sergeant (D:10)
  6 scorpions
  10 wights
  A killer bee (D:7)
  4 hounds
  A jelly (D:6)
  5 orc priests
  5 gnoll boudas
  Terence (D:3)
  An iguana (shapeshifter) (D:9)
  6 iguanas
  9 orc wizards
  19 gnolls
  7 adders
  7 white imps
  3 dart slugs
  43 orcs
  6 ball pythons
  4 bats (D:1)
  5 endoplasms
  4 giant cockroaches
  8 hobgoblins
  4 jackals
  3 quokkas
  3 frilled lizards
  4 goblins
  13 kobolds
  6 rats
254 creatures vanquished.

Notes
Turn   | Place    | Note
-------+----------+-------------------------------------------
     0 | D:1      | Dirtsage the Octopode Shapeshifter began the quest for the
                  | Orb.
     0 | D:1      | Reached XP level 1. HP: 13/13 MP: 1/1
   199 | D:1      | Reached XP level 2. HP: 14/18 MP: 2/2
   216 | D:1      | Found a faded altar of an unknown god.
   645 | D:1      | Reached XP level 3. HP: 19/23 MP: 3/3
  1229 | D:2      | Reached XP level 4. HP: 28/29 MP: 4/4
  1904 | D:3      | Reached skill level 4 in Shapeshifting
  1968 | D:3      | Found Soochuwoow's Distillery.
  1981 | D:3      | Bought a potion of heal wounds for 60 gold pieces
  1981 | D:3      | Bought a potion of curing for 36 gold pieces
  1999 | D:3      | Noticed Terence
  2013 | D:3      | Killed Terence
  2130 | D:3      | Reached XP level 5. HP: 30/34 MP: 5/5
  2621 | D:4      | Found a staircase to the Ecumenical Temple.
  2627 | Temple   | Entered the Ecumenical Temple
  3083 | D:4      | Reached XP level 6. HP: 41/41 MP: 6/6
  3221 | D:4      | Reached skill level 5 in Shapeshifting
  3287 | D:5      | Entered Level 5 of the Dungeon
  3413 | D:5      | Noticed a hornet
  3425 | D:5      | Killed a hornet
  3426 | D:5      | Reached XP level 7. HP: 47/47 MP: 7/7
  3880 | D:5      | Found a sacrificial altar of Ru.
  3919 | D:5      | Reached skill level 6 in Shapeshifting
  3990 | D:5      | Reached skill level 5 in Unarmed Combat
  4134 | D:5      | Reached XP level 8. HP: 54/54 MP: 8/8
  4309 | D:5      | Found Ypsaxtown's General Store.
  4320 | D:5      | Bought a scroll of identify for 22 gold pieces
  4320 | D:5      | Bought a potion of berserk rage for 55 gold pieces
  4990 | D:6      | Noticed a gargoyle
  4999 | D:6      | Killed a gargoyle
  5000 | D:6      | Reached skill level 5 in Fighting
  5000 | D:6      | Reached skill level 7 in Shapeshifting
  5431 | D:6      | Reached XP level 9. HP: 29/61 MP: 9/9
  5506 | D:6      | Reached skill level 8 in Shapeshifting
  6553 | D:7      | Noticed a boulder beetle
  6554 | D:7      | Noticed a brown ugly thing
  6561 | D:7      | Killed a boulder beetle
  6562 | D:7      | Reached skill level 9 in Shapeshifting
  6562 | D:7      | Reached XP level 10. HP: 13/71 MP: 10/10
  6874 | D:8      | Reached skill level 10 in Shapeshifting
  7395 | D:7      | Killed a brown ugly thing
  7543 | D:7      | Killed an unseen horror
  8091 | D:8      | Noticed a manticore
  8096 | D:8      | Killed a manticore
  8097 | D:8      | Reached skill level 11 in Shapeshifting
  8360 | D:8      | Reached XP level 11. HP: 54/77 MP: 11/11
  8807 | D:8      | Found an opulent altar of Gozag.
  8816 | D:8      | Became a worshipper of Gozag Ym Sagoz the Greedy
  9387 | D:8      | Found an ancient bone altar of Kikubaaqudgha.
  9580 | D:8      | Found a hazy altar of Hepliaklqana.
  9688 | D:9      | Noticed a two-headed ogre
  9694 | D:9      | Killed a two-headed ogre
  9785 | D:9      | Reached skill level 1 in Conjurations
  9785 | D:9      | Reached skill level 1 in Ice Magic
  9785 | D:9      | Reached skill level 1 in Air Magic
 10454 | D:9      | Noticed a two-headed ogre
 10500 | D:9      | Killed a two-headed ogre
 10730 | D:9      | Noticed a seven-headed hydra
 10730 | D:9      | Noticed a centaur warrior
 10732 | D:9      | Noticed a boulder beetle
 10734 | D:9      | Noticed a cyclops
 10747 | D:9      | Killed a seven-headed hydra
 10761 | D:9      | Killed a centaur warrior
 10808 | D:10     | Entered Level 10 of the Dungeon
 10854 | D:10     | Slain by an orc warrior

Illustrated notes

Levels and vault maps discovered:
D:1:      dpeg_cavernosity, layout_basic, ebering_ecumenical_altar_petrified
D:2:      layout_basic, corexii_corridor_pit, chequers_serial_rivers_micro_d
D:3:      layout_basic, serial_shops, nicolae_shop_just_a_little_nook,
          uniq_terence
D:4:      layout_basic, minmay_temple_entry_enclosed_plants
D:5:      layout_basic, lemuel_doored_altar, serial_shops,
          nicolae_shop_advertising_works [nicolae_subvault_shop_adworks],
          kennysheep_pointless_box
D:6:      black_bear_nest_2, layout_gridville, serial_glass, glass_columns_a,
          glass_columns_a, glass_columns_a, glass_columns_b, glass_columns_a,
          glass_columns_b
D:7:      nzn_winding_woodlands_cross [nzn_winding_woodlands_5x15_jagged,
          nzn_winding_woodlands_5x15_pockets,
          nzn_winding_woodlands_5x15_split_checker,
          nzn_winding_woodlands_5x15_cabin,
          nzn_winding_woodlands_15x15_killbox], layout_layer_cave,
          minmay_misc_feat_cross
D:8:      layout_layer_cave, mainiacjoe_overflow_two_lobes,
          lemuel_coloured_pillars_altar
D:9:      layout_roguey, mainiacjoe_overflow_concentric_impassable,
          due_lair_maze_entry_diamond, orc_0_dummy, minmay_the_grid_2x2
          [minmay_the_grid_pillar_ring, minmay_the_grid_garden,
          minmay_the_grid_fan, minmay_the_grid_prize_four_corners]
D:10:     layout_rooms, lemuel_round_altar, serial_demonic, serial_demonic_e,
          serial_demonic_f, serial_demonic_b, serial_demonic_e
Temple:   compressed_dpeg_triangle_lava_temple

Skill      XL: |  1  2  3  4  5  6  7  8  9 10 11 |
---------------+----------------------------------+-----
Fighting       | 2 3 4 5 7 8 9 |  9.3
Shapeshifting  | 4 5 6 7 9 11 | 11.5
Unarmed Combat | 4 5 6 7 8 9 |  9.7
Conjurations   | 3 |  3.0
Ice Magic      | 2 |  2.9
Air Magic      | 2 |  2.9
Dodging        | 4 |  4.0

Action                     |  1- 3 |  4- 6 |  7- 9 | 10-12 || total
---------------------------+-------+-------+-------+-------++-------
  Melee: Unarmed           |    74 |    66 |   135 |   274 ||   549
         Constrict         |    15 |    24 |    32 |    43 ||   114
         Tentacles         |     8 |    11 |    33 |    61 ||   113
         Punch             |     2 |     4 |     8 |    19 ||    33
         Maw               |       |       |       |    87 ||    87
  Evoke: Wand              |       |       |     4 |    17 ||    21
    Use: Scroll            |       |     7 |     3 |     3 ||    13
         Potion            |       |       |       |     9 ||     9
   Stab: Sleeping          |     8 |     3 |     3 |     3 ||    17
         Invisible         |       |       |       |     5 ||     5
         Distracted        |       |       |       |     2 ||     2
 Armour: Skin              |    25 |    23 |    62 |   180 ||   290
  Dodge: Dodged            |    31 |    27 |    68 |    94 ||   220
  Block: Other             |       |       |     7 |    43 ||    50
         Reflection        |       |       |       |     2 ||     2
   Form: Maw               |       |       |       |     1 ||     1

Table legend: (Time is in decaauts)
 A = Elapsed time spent in this place.
 B = Non-inter-level travel time spent in this place.
 C = Inter-level travel time spent in this place.
 D = Time resting spent in this place.
 E = Time spent auto-exploring this place.
 F = Levels seen in this place.
 G = Mean time per level.
                   A        B        C        D        E       F      G
               +--------+--------+--------+--------+--------+-----+--------+
         Total |  10783 |  10319 |    464 |   1467 |   6971 |  11 |  980.3 |
       Dungeon |  10740 |  10289 |    451 |   1467 |   6971 |  10 | 1074.0 |
        Temple |     43 |     30 |     13 |      0 |      0 |   1 |   43.0 |
               +--------+--------+--------+--------+--------+-----+--------+

Top non-repeatable levels by time:
     D:8: 2063 daAuts
     D:7: 1506 daAuts
     D:6: 1402 daAuts
     D:4: 1119 daAuts
     D:9: 1101 daAuts
     D:5: 1064 daAuts
     D:1: 988 daAuts
     D:2: 742 daAuts
     D:3: 710 daAuts
  Temple: 43 daAuts
    D:10: 42 daAuts
